 Dungeon Crawl Stone Soup version 0.31-a0-268-g4392ee761c (webtiles) character file.

Game seed: 4301971509378995882

113 qw the Shooter (level 4, -1/26 HPs)
             Began as a Gargoyle Hexslinger on July 14, 2023.
             Was an Initiate of Okawaru.
             Slain by Natasha (6 damage)
             ... on level 3 of the Dungeon.
             The game lasted 00:00:49 (1869 turns).

qw the Shooter (Gargoyle Hexslinger)                Turns: 1869, Time: 00:00:49

Health: -1/26      AC:  8    Str: 11    XL:     4   Next: 96%
Magic:  4/4        EV: 10    Int: 14    God:    Okawaru [......]
Gold:   119        SH:  0    Dex: 14    Spells: 4/5 levels left

rFire   . . .        Y - +1 sling (chaos)
rCold   . . .        (no shield)
rNeg    + . .        g - +0 ring mail
rPois   inf          (no helmet)
rElec   +            (no cloak)
rCorr   .            (no gloves)
SInv    .            (no boots)
Will    .....        (no amulet)
Stlth   +            (no ring)
HPRegen 0.24/turn    (no ring)
MPRegen 0.09/turn

%: no passive effects
@: no status effects
A: sickness immunity, AC +3, negative energy resistance 1, electricity
resistance, torment resistance 1, petrification resistance, low MP 1
a: Renounce Religion


You were on level 3 of the Dungeon.
You worshipped Okawaru.
Okawaru was noncommittal.
You visited 1 branch of the dungeon, and saw 3 of its levels.

You collected 119 gold pieces.


Innate Abilities, Weirdness & Mutations

You are immune to sickness and miasma.
Your stone body is resilient. (AC +3)
You are immune to poison.
You resist negative energy. (rN+)
You are resistant to electric shocks. (rElec)
You are resistant to unholy torment.
You are immune to petrification.
Your magical capacity is low. (-10% MP)


   Skills:
 - Level 2.0 Fighting
 + Level 4.4 Ranged Weapons
 - Level 1.3 Armour
 - Level 1.5 Dodging
 - Level 1.0 Spellcasting
 - Level 2.6 Hexes


You had 4 spell levels left.
You knew the following spells:

 Your Spells              Type           Power      Damage    Failure   Level
a - Slow                  Hex            32%        N/A       21%         1

Your spell library contained the following spells:

 Spells                   Type           Power      Damage    Failure   Level
 Inner Flame              Hex/Fire       4%         N/A       71%         3
 Portal Projectile        Hex/Tloc       8%         N/A       71%         3
 Cause Fear               Hex            4%         N/A       90%         4

Inventory:

Hand Weapons
 Y - a +1 sling of chaos (weapon)
Armour
 g - a +0 ring mail (worn)
Potions
 a - 2 potions of curing {unknown}
 b - a potion of degeneration {unknown}
 d - a potion of resistance {unknown}
 e - 2 potions of mutation

Dungeon Overview and Level Annotations

Branches:
Dungeon (3/15)

Altars:
Cheibriados
Okawaru

Shops:
D:2 :

Annotations:
D:2 1 runed translucent door, Crazy Yiuf
D:3 Natasha


Message History

Enter note: You shoot a sling bullet.
The sling bullet hits Natasha but does no damage.
Natasha casts a spell at you. You resist with some effort.
You shoot a sling bullet.
The sling bullet closely misses Natasha.
You shoot a sling bullet. The sling bullet barely misses Natasha.
Natasha casts a spell at you. The magic dart hits you.
You shoot a sling bullet. The sling bullet hits Natasha.
Natasha seems to grow stronger.
Natasha is moderately wounded.
Natasha wildly gestures.
You feel disoriented. Natasha closely misses you.
You shoot a sling bullet. The sling bullet misses Natasha.
Natasha claws you but does no damage.
You shoot a sling bullet.
The sling bullet completely misses Natasha.
Natasha extends her claws.
Natasha claws you! x2
You shoot a sling bullet. The sling bullet barely misses Natasha.
Natasha barely misses you.
You shoot a sling bullet. The sling bullet hits Natasha.
Space warps around Natasha.
Natasha is severely wounded.
Natasha claws you.
You shoot a sling bullet.
The sling bullet closely misses Natasha.
Natasha closely misses you.
You shoot a sling bullet. The sling bullet barely misses Natasha.
Natasha barely misses you. x2
You shoot a sling bullet. The sling bullet hits Natasha.
The sling bullet burns Natasha.
Natasha is almost dead.
Natasha completely misses you.
You shoot a sling bullet. The sling bullet barely misses Natasha.
Natasha claws you.
You die...

<
...............#.#
#
##########.#####.#
. ...............#
. ########........
... #....[... ....
#........ .....
##........
......#.........
#h@........
#..#........
....##........
##### #.###
#........ ..... ..
######### ##### #


You could see Natasha (strong).

Vanquished Creatures
  5 adders
  A worm (D:2)
  2 orcs
  7 ball pythons
  5 endoplasms
  5 giant cockroaches
  3 goblins
  3 hobgoblins
  3 jackals (D:2)
  4 kobolds
  7 quokkas
  5 bats
  3 frilled lizards
  4 rats
57 creatures vanquished.

Notes
Turn   | Place    | Note
-------+----------+-------------------------------------------
     0 | D:1      | qw the Gargoyle Hexslinger began the quest for the Orb.
     0 | D:1      | Reached XP level 1. HP: 12/12 MP: 2/2
     0 | D:1      | 0 ||| qw: Version: 0.3-a-52-g30416fa
     0 | D:1      | 0 ||| qw: Game counter: 7926
     0 | D:1      | 0 ||| qw: Melee chars always use a shield: true
     0 | D:1      | 0 ||| qw: God list: Okawaru
     0 | D:1      | 0 ||| qw: Allow faded altars: false
     0 | D:1      | 0 ||| qw: Do Orc after clearing Dungeon:15 true
     0 | D:1      | 0 ||| qw: Do second Lair branch before Depths: true
     0 | D:1      | 0 ||| qw: Lair rune preference: random
     0 | D:1      | 0 ||| qw: Goals: Normal
     0 | D:1      | 0 ||| PLANNING D:1-11
   158 | D:1      | Reached XP level 2. HP: 16/16 MP: 3/3
   218 | D:1      | Reached skill level 3 in Ranged Weapons
   515 | D:1      | 515 ||| UPGRADING to +0 ring mail.
   525 | D:1      | 525 ||| DROPPING +0 robe.
   526 | D:1      | 526 ||| READING scroll labelled TUMYR QIX BUE.
   527 | D:1      | 527 ||| READING scroll labelled IDDITZ UXTOUC.
   528 | D:1      | 528 ||| DROPPING scroll of poison.
   572 | D:2      | Reached XP level 3. HP: 21/21 MP: 4/4
   698 | D:2      | Reached XP level 4. HP: 26/26 MP: 5/5
   716 | D:2      | Found Piumau's Book Shop.
  1033 | D:2      | Reached skill level 4 in Ranged Weapons
  1339 | D:2      | Found a runed translucent door.
  1340 | D:2      | Noticed Crazy Yiuf
  1498 | D:2      | 1498 ||| READING scroll labelled DYOFU IDUAROSU.
  1499 | D:2      | 1499 ||| READING scroll labelled CIRELE GONUCOO.
  1574 | D:2      | 1574 ||| DRINKING 3 grey potions.
  1574 | D:2      | Gained mutation: Your magical capacity is low. (-10% MP)
                  | [potion of mutation]
  1661 | D:3      | Found a snail-covered altar of Cheibriados.
  1711 | D:3      | Reached skill level 1 in Armour
  1724 | D:3      | Found an iron altar of Okawaru.
  1725 | D:3      | 1725 ||| PLANNING OKAWARU WORSHIP
  1738 | D:3      | Became a worshipper of Warmaster Okawaru
  1739 | D:3      | 1739 ||| PLANNING D:1-11
  1857 | D:3      | Noticed Natasha
  1865 | D:3      | HP: 4/26 [Natasha (5)]
  1869 | D:3      | Slain by Natasha

Levels and vault maps discovered:
D:1:      eino_arrival_tree_alley, layout_rooms, dreamdust_mushroom_princess,
          kennysheep_nondescript
D:2:      cheibrodos_helix_gallery, layout_basic, serial_shops, shop,
          roderic_lattice_a, minmay_distorted, uniq_crazy_yiuf_cottage
D:3:      layout_basic, cheibriados_altar_1,
          mainiacjoe_overflow_small_starburst, minmay_misc_feat_diagonals,
          uniq_natasha

Skill      XL: |  1  2  3  4 |
---------------+-------------+-----
Ranged Weapons | 3 4 |  4.4
Fighting       | 2 |  2.0
Armour         | 1 |  1.3
Dodging        | |  1.5
Spellcasting   | |  1.0
Hexes          | |  2.6

Action                     |  1- 3 |  4- 6 || total
---------------------------+-------+-------++-------
   Fire: Sling             |   117 |    79 ||   196
    Use: Scroll            |     2 |     2 ||     4
         Potion            |       |     1 ||     1
 Armour: Ring mail         |    30 |    15 ||    45
         Robe              |     6 |       ||     6
  Dodge: Dodged            |    32 |    18 ||    50

Table legend:
 A = Non-vault XP
 B = Vault XP
 C = Vault XP percentage of total XP
 D = Non-vault monster count
 E = Vault monster count
 F = Vault count percentage of total count
                 A         B        C        D         E       F
            +---------+---------+-------+---------+---------+-------
      Total |     154 |       8 |   4.9 |      52 |       5 |   8.8
            +---------+---------+-------+---------+---------+-------
        D:1 |      31 |       0 |   0.0 |      19 |       0 |   0.0
        D:2 |      66 |       8 |  10.8 |      22 |       5 |  18.5
        D:3 |      57 |       0 |   0.0 |      11 |       0 |   0.0
            +---------+---------+-------+---------+---------+-------
